 Dungeon Crawl Stone Soup version bcrawl-1.28.4 (webtiles) character file.

Game seed: 210492462449639734

157813 Mehrunes the Skirmisher (level 5, -3/58 HPs)
             Began as an Ogre Berserker on Jan 18, 2021.
             Was a Believer of Trog.
             Slain by Sigmund
             ... wielding a +0 scythe
              (12 damage)
             ... on level 3 of the Dungeon.
             The game lasted 00:03:49 (2355 turns).

Mehrunes the Skirmisher (Ogre Berserker)            Turns: 2355, Time: 00:03:50

Health: -3/58      AC:  3    Str: 22    XL:     5   Next: 54%
Magic:  5/5        EV: 11    Int:  8    God:    Trog [**....]
Gold:   72         SH:  0    Dex:  8    Spells: 4/4 levels left

rFire    . . .     SeeInvis .   o - +0 flail
rCold    . . .     Gourm    .   (no shield)
rNeg     . . .     Faith    .   b - +0 animal skin
rPois    .         Spirit   .   (helmet restricted)
rElec    .         Reflect  .   (no cloak)
rCorr    .         Harm     .   (gloves unavailable)
MR       .....                  (boots unavailable)
Stlth    +.........             (no amulet)
HPRegen  0.19/turn              (no ring)
MPRegen  0.09/turn              (no ring)

@: berserk cooldown, slowed, very slow
A: large, unfitting armour, tough skin 1
a: Berserk, Trog's Hand, Renounce Religion


You were on level 3 of the Dungeon.
You worshipped Trog.
Trog was pleased with you.
You were hungry.

You visited 1 branch of the dungeon, and saw 3 of its levels.

You collected 72 gold pieces.

Inventory:

Hand Weapons
 a - a +0 mace
 c - a +1 dagger of holy wrath
 o - a +0 flail (weapon)
Armour
 b - a +0 animal skin (worn)
 h - a +0 cloak
Wands
 r - a wand of polymorph (12)
Scrolls
 f - a scroll of teleportation {unknown}
 g - 2 scrolls of blinking {unknown}
 i - a scroll of remove curse {unknown}
 l - a scroll of noise {unknown}
 m - a scroll of fear {unknown}
 n - 2 scrolls of fog {unknown}
 p - a scroll of identify
Potions
 d - 2 potions of haste {unknown}
 j - 2 potions of might {unknown}
 k - a potion of curing {unknown}
Comestibles
 e - 4 rations {!d}
 q - 6 chunks of flesh


   Skills:
 + Level 5.6 Fighting
 + Level 5.1 Maces & Flails
 + Level 3.8 Dodging


You had 4 spell levels left.
You didn't know any spells.
Your spell library was empty.

Dungeon Overview and Level Annotations

Branches:
Dungeon (3/12)

Altars:
Xom
Zin

Annotations:
D:2 1 runed door
D:3 Sigmund


Innate Abilities, Weirdness & Mutations

You are too large for most types of armour.
You have tough skin. (AC +1)


Message History

An orc comes into view. It is wielding a +0 war axe.
The orc shouts!
Something hits you!
You see here a scroll of identify.
You barely miss something.
A quokka comes into view.
You miss something. Something hits you!
You barely miss something.
An ooze comes into view.
The ooze quivers.
You sock something!
You are no longer berserk.
You are exhausted.
You feel yourself slow down. Something hits you!
You closely miss something. Something hits you!
* * * LOW HITPOINT WARNING * * *
You closely miss something. Something hits you.
* * * LOW HITPOINT WARNING * * *
You miss something. Something hits you!
You die...

##.. ....
# .... .#
#.. #.#
#... ...
#.J###.##
#ro{....#
#@# #.#
#†# #.#
#.# #.#
#.#
####.#
#....#


You could see an ooze, an orc and a quokka.

Vanquished Creatures
  A crimson imp (D:2)
  Ijyb (D:3)
  Terence (D:2)
  2 adders
  3 worms
  2 dart slugs (D:1)
  2 leopard geckos
  3 giant cockroaches (D:2)
  7 goblins
  5 hobgoblins
  6 jackals
  6 kobolds
  2 quokkas (D:2)
  5 bats
  8 frilled lizards
  6 rats
60 creatures vanquished.

Notes
Turn   | Place    | Note
-------+----------+-------------------------------------------
     0 | D:1      | Mehrunes the Ogre Berserker began the quest for the Orb.
     0 | D:1      | Reached XP level 1. HP: 24/24 MP: 1/1
   260 | D:1      | Reached XP level 2. HP: 28/32 MP: 2/2
   568 | D:1      | Reached XP level 3. HP: 37/40 MP: 3/3
   923 | D:2      | Noticed an angel
   924 | D:2      | Found a shimmering altar of Xom.
   924 | D:2      | Found a glowing silver altar of Zin.
   990 | D:2      | Reached skill level 5 in Fighting
   990 | D:2      | Reached XP level 4. HP: 18/50 MP: 4/4
  1185 | D:2      | Reached ** piety under Trog
  1705 | D:2      | Found a runed door.
  1738 | D:2      | Noticed Terence
  1751 | D:2      | Killed Terence
  1752 | D:2      | Reached XP level 5. HP: 46/57 MP: 5/5
  2051 | D:3      | Noticed Ijyb
  2244 | D:3      | Killed Ijyb
  2245 | D:3      | Reached skill level 5 in Maces & Flails
  2340 | D:3      | Noticed Sigmund
  2355 | D:3      | Slain by Sigmund

Skill      XL: |  1  2  3  4  5 |
---------------+----------------+-----
Maces & Flails | 4 5 |  5.1
Dodging        | 3 |  3.8
Fighting       | 5 |  5.6

Action                   |  1- 3 |  4- 6 || total
-------------------------+-------+-------++-------
Melee: Mace              |    77 |    76 ||   153
       Flail             |       |    38 ||    38
       Unarmed           |       |    18 ||    18
Invok: Berserk           |       |     1 ||     1
 Stab: Invisible         |       |     2 ||     2
  Eat: Chunk             |     2 |     8 ||    10
Armor: Animal skin       |    18 |    25 ||    43
       Skin              |       |     2 ||     2
Dodge: Dodged            |    38 |    78 ||   116
